 Dungeon Crawl Stone Soup version 0.16-a0-3641-g71d4c1b (webtiles) character file.

995 thelaststarmaker the Covert (level 7, -7/40 HPs)
             Began as a Vampire Assassin on Apr 4, 2015.
             Mangled by an ogre
             ... wielding a +0 giant spiked club
              (30 damage)
             ... on level 6 of the Dungeon.
             The game lasted 00:33:27 (5509 turns).

thelaststarmaker the Covert (Vampire Assassin)      Turns: 5509, Time: 00:33:27

Health: -7/40      AC:  6    Str: 10    XL:     7   Next: 99%
Magic:  12/12      EV: 11    Int: 13    God:
Gold:   249        SH:  0    Dex: 17    Spells: 0 memorised, 10 levels left

rFire  x . .     SeeInvis +     i - +2 dagger (venom)
rCold  + + +     Clarity  .     k - +0 leather armour (curse)
rNeg   + + +     SustAb   .     (no shield)
rPois  +         Gourm    .     j - +0 helmet
rElec  .         Spirit   .     d - +0 cloak
rCorr  .         Warding  .     (no gloves)
rMut   .         Stasis   .     z - +0 pair of boots
MR     .....                    (no amulet)
Stlth  +++++++...               (no ring)
                                B - ring of ice (curse)

@: regenerating slowly, not resistant to hostile enchantments, extremely
stealthy
A: bottle blood, fangs 3, see invisible, frail 2, unbreathing
a: Bat Form


You were on level 6 of the Dungeon.
You were near bloodless.

You visited 2 branches of the dungeon, and saw 7 of its levels.

You collected 249 gold pieces.

Inventory:

Hand weapons
 b - a +0 blowgun
 i - a +2 dagger of venom (weapon)
 o - a cursed -1 mace
 t - a +0 shortbow
 v - a +1 dagger of distortion
Missiles
 e - 10 poisoned needles
 f - 3 curare-tipped needles
 A - 8 bolts of frost
 D - 6 tomahawks (quivered)
Armour
 a - a +0 leather armour
 c - a +0 leather armour
 d - a +0 cloak (worn)
 h - a +0 leather armour
 j - a +0 helmet (worn)
 k - a cursed +0 leather armour (worn)
 y - a +0 leather armour
 z - a +0 pair of boots (worn)
Jewellery
 B - a cursed ring of ice (left hand)
 E - an uncursed ring of protection from cold {unknown}
Magical devices
 u - a wand of fireball (4)
Scrolls
 m - 2 scrolls of amnesia
 n - a scroll of fog
 r - 2 scrolls of teleportation
 x - a scroll of blinking
Potions
 g - 2 potions of restore abilities {unknown}
 l - a potion of heal wounds
 q - 5 potions of curing
 s - a potion of might {unknown}
 w - a potion of flight {unknown}
 C - a potion of haste {unknown}
 F - a potion of poison {unknown}
Miscellaneous
 p - a plain deck of escape


   Skills:
 * Level 2.5 Fighting
 * Level 2.4 Short Blades
 - Level 1.5 Throwing
 - Level 1.0 Armour
 - Level 1.1 Dodging
 + Level 13.4 Stealth
 - Level 2.0 Spellcasting
 - Level 1.0 Evocations


You had 10 spell levels left.
You didn't know any spells.

Dungeon Overview and Level Annotations

Branches:
Dungeon (6/15)             Temple (1/1) D:5

Altars:
Ashenzari
Cheibriados
Elyvilon
Fedhas
Gozag
Kikubaaqudgha
Makhleb
Nemelex Xobeh
Okawaru
Qazlal
Ru
Trog
Xom
Yredelemnul
The Shining One

Annotations:
D:3 mdk's ghost, average KoAs


Innate Abilities, Weirdness & Mutations

You heal slowly.
You can bottle blood from corpses.
You have razor-sharp teeth.
You have supernaturally acute eyesight.
You can survive without breathing.
You are very frail (-20% HP).


Message History

You destroy the giant frog skeleton!
Found 29 stones.
An ogre comes into view. It is wielding a giant spiked club.
Found a smoky yellow potion.
The ogre shouts!
The ogre hits you with a giant spiked club!
You hit the ogre.
The ogre is poisoned.
You bite the ogre.
You draw the ogre's blood!
You feel better.
You feel slightly less thirsty.
The ogre is lightly wounded.
You hit the ogre.
The ogre looks even sicker.
The ogre is moderately wounded.
The ogre barely misses you.
You hit the ogre.
The ogre is heavily wounded.
The ogre closely misses you.
You hit the ogre.
The ogre is severely wounded.
The ogre hits you with a giant spiked club!!
Ouch! That really hurt!
You die...

#. . #. ##..# ###.###..#..#
### ....#.. #..####.## #....
#..##.(.## #
##..######........##. ..
###...##................).
####.......O...#.....# ....
...!.........@....##..# #...
.########.......####.######..
#......## #.....#...#
###.....## ##.###...# #
#......#####.## ##..# #
#...#...###...# #..#
#...###.†..#...## ###..###
...## #..(....#####.....## ..
##....#.......##....


You could see an ogre.

Vanquished Creatures
  Eustachio (D:5)
  2 giant frogs (D:6)
  A crimson imp (D:5)
  A goliath beetle (D:6)
  A giant frog skeleton (D:6)
  A jelly (D:5)
  3 centaur skeletons
  3 orc priests
  A hound (D:5)
  2 worker ants
  Ijyb (D:4)
  Terence (D:3)
  A mummy (D:5)
  9 adders
  6 gnolls
  A giant mite (D:2)
  3 worms
  A giant gecko (D:5)
  2 oozes
  13 orcs
  A bat zombie (D:5)
  4 giant cockroaches
  16 hobgoblins
  11 jackals
  8 kobolds
  2 quokkas
  A ball python (D:3)
  10 bats
  7 giant newts
  13 goblins
  14 rats
141 creatures vanquished.

Notes
Turn   | Place    | Note
--------------------------------------------------------------
     0 | D:1      | thelaststarmaker, the Vampire Assassin, began the quest for the Orb.
     0 | D:1      | Reached XP level 1. HP: 16/16 MP: 1/1
    39 | D:1      | Reached skill level 6 in Stealth
   128 | D:1      | Reached XP level 2. HP: 11/22 MP: 2/2
   323 | D:1      | Reached skill level 7 in Stealth
   702 | D:1      | Reached XP level 3. HP: 19/27 MP: 3/3
  1004 | D:2      | Reached skill level 8 in Stealth
  1145 | D:2      | Reached XP level 4. HP: 33/33 MP: 4/4
  1589 | D:2      | Found a bloodstained altar of Trog.
  1659 | D:2      | Reached skill level 9 in Stealth
  1881 | D:3      | Found a shattered altar of Ashenzari.
  1881 | D:3      | Found a white marble altar of Elyvilon.
  2096 | D:3      | Reached XP level 5. HP: 20/38 MP: 5/5
  2286 | D:3      | Reached skill level 1 in Armour
  2303 | D:3      | Noticed Terence
  2312 | D:3      | Noticed mdk's ghost (average KoAs)
  2353 | D:3      | Killed Terence
  2968 | D:4      | Noticed Ijyb
  3036 | D:4      | Killed Ijyb
  3036 | D:4      | Reached skill level 10 in Stealth
  3095 | D:4      | Found a burning altar of Makhleb.
  3125 | D:4      | Reached skill level 1 in Spellcasting
  3562 | D:4      | Reached XP level 6. HP: 40/44 MP: 8/8
  4306 | D:5      | Entered Level 5 of the Dungeon
  4317 | D:5      | Reached skill level 11 in Stealth
  4454 | D:5      | Found a sparkling altar of Nemelex Xobeh.
  4469 | D:5      | Reached skill level 1 in Evocations
  4469 | D:5      | Reached XP level 7. HP: 49/49 MP: 12/12
  4559 | D:5      | Noticed Eustachio
  4568 | D:5      | Killed Eustachio
  4568 | D:5      | Reached skill level 12 in Stealth
  4719 | D:5      | Found a staircase to the Ecumenical Temple.
  4734 | Temple   | Entered the Ecumenical Temple
  5064 | D:5      | Gained mutation: You are frail (-10% HP). [mutagenic glow]
  5112 | D:5      | Gained mutation: You are very frail (-20% HP). [mutagenic glow]
  5305 | D:6      | Reached skill level 13 in Stealth
  5509 | D:6      | Mangled by an ogre

Action                   |  1- 3 |  4- 6 |  7- 9 || total
-------------------------+-------+-------+-------++-------
Melee: Dagger            |   115 |   192 |    87 ||   394
 Fire: Blowgun           |       |    36 |    13 ||    49
 Abil: End Transformatio |       |    16 |     4 ||    20
       Bat Form          |       |    16 |     4 ||    20
  Use: Scroll            |       |     9 |     2 ||    11
       Potion            |       |     3 |       ||     3
 Stab: Sleeping          |    12 |    17 |     9 ||    38
       Distracted        |       |     3 |       ||     3
  Eat: Corpse            |     2 |     5 |       ||     7
